 Dungeon Sprint DCSS version 0.17-a0-1404-gb8113a6 (webtiles) character file.

483 shklvsk the Zephyrmancer (level 7, -6/32 HPs)
             Began as a Vine Stalker Air Elementalist on June 21, 2015.
             Was a Believer of Vehumet.
             Mangled by a centaur warrior (12 damage)
             ... in the Dungeon (Sprint IX: "|||||||||||||||||||||||||||||").
             The game lasted 00:04:37 (360 turns).

shklvsk the Zephyrmancer (VSAE)                      Turns: 360, Time: 00:04:37

Health: -6/32      AC:  3    Str: 10    XL:     7   Next: 12%
Magic:  0/20       EV: 12    Int: 20    God:    Vehumet [**....]
Gold:   0          SH:  0    Dex: 18    Spells: 5 memorised, 11 levels left

rFire  . . .     SeeInvis .     j - +0 short sword
rCold  . . .     Clarity  .     a - +0 robe
rNeg   . . .     SustAt   .     (no shield)
rPois  .         Gourm    .     (no helmet)
rElec  .         Spirit   +     (no cloak)
rCorr  .         Warding  .     u - +0 pair of gloves
rMut   .         NoTele   +     (no boots)
MR     .....                    (no amulet)
Stlth  ++........               w - +3 ring of intelligence
                                v - +3 ring of dexterity

@: swift, very slightly contaminated, hasted, repel missiles, very quick, not
resistant to hostile enchantments, unstealthy
A: fangs 2, regeneration 2, magic shield, antimagic bite, no device heal 3, rot
immunity
a: Renounce Religion


You were in the Dungeon.
You worshipped Vehumet.
Vehumet was pleased with you.
You were not hungry.

You visited 1 branch

Inventory:

Hand weapons
 j - a +0 short sword (weapon)
 p - a +1 broad axe of freezing
 q - a +2 morningstar of protection
 r - a +4 quarterstaff of speed
 s - a +2 rapier of venom
 t - a +2 scimitar of flaming
Armour
 a - a +0 robe (worn)
 u - a +0 pair of gloves (worn)
Magical staves
 o - an uncursed staff of energy
Jewellery
 v - a +3 ring of dexterity (left hand)
 w - a +3 ring of intelligence (right hand)
Magical devices
 n - a wand of fire (7)
Scrolls
 i - 2 scrolls of blinking
 l - 3 scrolls of remove curse
 m - 2 scrolls of amnesia
Potions
 d - 5 potions of curing
 e - 3 potions of heal wounds
 g - 4 potions of magic
Books
 b - a book of Air

   Spells                             Type                      Level
   a - Shock                          Conjuration/Air              1
   b - Swiftness                      Charms/Air                   2
   c - Repel Missiles                 Charms/Air                   2
   d - Static Discharge               Conjuration/Air              3
   e - Lightning Bolt                 Conjuration/Air              5
Comestibles
 c - a bread ration


   Skills:
 + Level 1.5 Short Blades
 - Level 1.7 Dodging
 - Level 2.9 Stealth
 + Level 9.0 Spellcasting
 * Level 7.1 Conjurations
 + Level 1.3 Charms
 + Level 9.6 Air Magic


You had 11 spell levels left.
You knew the following spells:

 Your Spells              Type           Power        Failure   Level  Hunger
a - Shock                 Conj/Air       ####         1%          1    None
b - Repel Missiles        Chrm/Air       ####..       1%          2    None
c - Swiftness             Chrm/Air       ####....     1%          2    None
d - Static Discharge      Conj/Air       #####...     1%          3    None
e - Lightning Bolt        Conj/Air       #####.....   10%         5    #####..


Dungeon Overview and Level Annotations

Branches:
Dungeon (1/1)

Altars:
Cheibriados
Dithmenos
Elyvilon
Fedhas
Gozag
Kikubaaqudgha
Makhleb
Nemelex Xobeh
Okawaru
Qazlal
Ru
Sif Muna
Trog
Vehumet
Xom
Yredelemnul
Zin
The Shining One
Beogh
Jiyva
Lugonu


Innate Abilities, Weirdness & Mutations

You have extremely sharp teeth.
You heal very quickly.
When hurt, damage is shared between your health and your magic reserves.
Your bite disrupts and absorbs the magic of your enemies.
Potions and wands cannot restore your health.
You are immune to rotting.


Message History

The centaur warrior hits you!
* * * LOW HITPOINT WARNING * * *
Drink which item? (? for menu, Esc to quit)
You feel yourself speed up. The centaur warrior closely misses you.
You are very lightly contaminated with residual magic.
Casting: Static Discharge
Confirm with . or Enter, or press ? or * to list all spells.
Aiming: Shock
Press: ? - help, Shift-Dir - straight line, f - centaur warrior
Aim: a centaur warrior (lightly wounded)
The zap hits the centaur warrior.
The centaur warrior appears unharmed.
The centaur warrior is lightly wounded.
The zap hits the soldier ant.
The soldier ant is moderately wounded.
The zap hits the slime creature.
The slime creature is lightly wounded.
The zap hits the steam dragon.
The steam dragon is lightly wounded.
The centaur warrior hits you!
You die... ▓▓▓▓▓▓▓▓▓▓▓▓▓▓▓▓▓▓▓▓▓▓▓▓ ...DJac@..).†'†.[[.)...' ▓▓▓▓▓▓▓▓▓▓▓▓▓▓▓▓▓▓▓▓▓▓▓▓

You could see a slime creature, a centaur warrior, a soldier ant and a steam dragon.

Vanquished Creatures
  A hippogriff (D)
  2 ogres (D)
  2 scorpions (D)
  A crimson imp (D)
  An iguana (D)
  A hound (D)
  An adder zombie (D)
  A goblin (D)
  2 hobgoblins (D)
  A jackal (D)
  A kobold (D)
  A quokka (D)
  A bat (D)
  A giant cockroach (D)
  A rat (D)
18 creatures vanquished.

Notes
Turn   | Place    | Note
--------------------------------------------------------------
     0 | D        | shklvsk the Vine Stalker Air Elementalist began the quest for the Orb.
     0 | D        | Reached XP level 1. HP: 9/9 MP: 4/4
    17 | D        | Reached skill level 4 in Air Magic
    81 | D        | Noticed a scorpion
    82 | D        | Reached XP level 2. HP: 13/13 MP: 4/6
    89 | D        | Killed a scorpion
    89 | D        | Reached skill level 6 in Spellcasting
    89 | D        | Reached XP level 3. HP: 11/16 MP: 0/11
    89 | D        | Reached XP level 4. HP: 14/21 MP: 0/13
   187 | D        | Learned a level 2 spell: Repel Missiles
   190 | D        | Learned a level 2 spell: Swiftness
   194 | D        | Learned a level 3 spell: Static Discharge
   194 | D        | Found a glowing silver altar of Zin.
   194 | D        | Found a glowing golden altar of the Shining One.
   194 | D        | Found an ancient bone altar of Kikubaaqudgha.
   194 | D        | Found a basalt altar of Yredelemnul.
   194 | D        | Found a shimmering altar of Xom.
   194 | D        | Found a radiant altar of Vehumet.
   195 | D        | Found an iron altar of Okawaru.
   196 | D        | Found a burning altar of Makhleb.
   197 | D        | Found a deep blue altar of Sif Muna.
   198 | D        | Found a bloodstained altar of Trog.
   199 | D        | Found a sparkling altar of Nemelex Xobeh.
   200 | D        | Found a white marble altar of Elyvilon.
   201 | D        | Found a roughly hewn altar of Beogh.
   202 | D        | Became a worshipper of Vehumet
   203 | D        | Found a viscous altar of Jiyva.
   204 | D        | Found a corrupted altar of Lugonu.
   205 | D        | Found a blossoming altar of Fedhas.
   206 | D        | Found a snail-covered altar of Cheibriados.
   207 | D        | Found a shadowy altar of Dithmenos.
   208 | D        | Found a stormy altar of Qazlal.
   209 | D        | Found an opulent altar of Gozag.
   210 | D        | Found a sacrificial altar of Ru.
   245 | D        | Noticed an ogre
   245 | D        | Noticed a scorpion
   245 | D        | Noticed an ogre
   245 | D        | Noticed an iguana
   245 | D        | Noticed a crimson imp
   248 | D        | Killed a crimson imp
   248 | D        | Reached skill level 5 in Air Magic
   252 | D        | Killed an iguana
   252 | D        | Acquired Vehumet's first power
   252 | D        | Offered knowledge of Freeze by Vehumet.
   252 | D        | Reached XP level 5. HP: 9/24 MP: 1/15
   252 | D        | Killed a scorpion
   252 | D        | Reached skill level 7 in Spellcasting
   252 | D        | Reached skill level 5 in Conjurations
   252 | D        | Killed an ogre
   252 | D        | Reached skill level 1 in Short Blades
   252 | D        | Gained mutation: You heal very quickly. [Vine Stalker growth]
   252 | D        | Reached XP level 6. HP: 10/28 MP: 2/17
   268 | D        | Killed an ogre
   268 | D        | Reached skill level 8 in Spellcasting
   268 | D        | Reached skill level 1 in Charms
   352 | D        | Learned a level 5 spell: Lightning Bolt
   352 | D        | Noticed a slime creature
   352 | D        | Noticed a steam dragon
   352 | D        | Noticed a soldier ant
   352 | D        | Noticed a centaur warrior
   352 | D        | Noticed a hound
   352 | D        | Noticed a hippogriff
   355 | D        | Killed a hound
   355 | D        | Reached skill level 9 in Air Magic
   357 | D        | Killed a hippogriff
   357 | D        | Reached XP level 7. HP: 20/32 MP: 4/20
   360 | D        | Mangled by a centaur warrior

Vault maps used:
D:        linesprint

Action                   |  1- 3 |  4- 6 |  7- 9 || total
-------------------------+-------+-------+-------++-------
Melee: Unarmed           |     6 |       |       ||     6
       Short sword       |     2 |     3 |       ||     5
 Cast: Shock             |     9 |     9 |     1 ||    19
       Swiftness         |       |     2 |       ||     2
       Static Discharge  |       |     1 |     1 ||     2
       Lightning Bolt    |       |     1 |       ||     1
       Repel Missiles    |       |     1 |       ||     1
  Use: Potion            |     1 |     1 |     1 ||     3
